 Dungeon Crawl Stone Soup version 0.26-a0-1126-g3318b609a0 (webtiles) character file.

Game seed: 1175095382540995506

6986 sahdkjhfkaj the Martial Artist (level 11, -4/83 HPs)
             Began as a Gnoll Transmuter on Dec 17, 2020.
             Was a Priest of Sif Muna.
             Slain by an ice beast (12 damage)
             ... on level 9 of the Dungeon on Dec 18, 2020.
             The game lasted 00:15:36 (13359 turns).

sahdkjhfkaj the Martial Artist (Gnoll Transmuter)  Turns: 13359, Time: 00:15:37

Health: -4/83      AC:  3    Str: 13    XL:     11   Next: 8%
Magic:  31/31      EV: 18    Int: 18    God:    Sif Muna [***...]
Gold:   424        SH:  0    Dex: 18    Spells: 19/25 levels left

rFire    . . .     SeeInvis .   a - +2 demon whip (venom)
rCold    . . .     Faith    .   (no shield)
rNeg     . . .     Spirit   .   s - +0 robe
rPois    .         Reflect  .   (no helmet)
rElec    .         Harm     .   D - +0 cloak
rCorr    .         Rampage  .   (no gloves)
Will     .....                  (no boots)
Stlth    +++.......             q - amulet of the acrobat
HPRegen  0.23/turn              f - ring of magical power
MPRegen  0.22/turn              y - +4 ring of slaying

@: lethally poisoned (-4 -> -6)
A: distributed training, fangs 1, agile 1, strong nose
a: Renounce Religion, Channel Magic, Forget Spell


You were on level 9 of the Dungeon.
You worshipped Sif Muna.
Sif Muna was most pleased with you.
You visited 1 branch of the dungeon, and saw 9 of its levels.
You also visited: Ossuary.

You collected 424 gold pieces.

Inventory:

Hand Weapons
 a - a +2 demon whip of venom (weapon)
Armour
 s - a +0 robe (worn)
 D - a +0 cloak (worn)
Jewellery
 f - a ring of magical power (left hand)
 i - an uncursed ring of resist corrosion
 q - an amulet of the acrobat (around neck)
 y - a +4 ring of slaying (right hand)
 B - an uncursed ring of protection from fire
Wands
 h - a wand of paralysis (14)
 n - a wand of random effects (4)
 r - a wand of polymorph (14)
 u - a wand of flame (30)
 v - a wand of digging (3)
Scrolls
 c - a scroll of enchant armour
 d - 2 scrolls of fog
 g - 2 scrolls of amnesia
 j - 5 scrolls of remove curse
 k - 4 scrolls of teleportation {!r}
 m - 2 scrolls of enchant weapon
 o - 2 scrolls of magic mapping
 x - a scroll of fear
 C - a scroll of immolation
 E - a scroll of silence {!r}
 F - a scroll of noise
Potions
 e - 4 potions of brilliance
 l - 2 potions of might {unknown}
 p - 2 potions of curing
 t - 4 potions of attraction
 w - 3 potions of degeneration
 z - 2 potions of berserk rage {unknown}
 A - 2 potions of invisibility {unknown}
 G - a potion of flight


   Skills:
 + Level 6.5 Fighting
 + Level 5.9 Short Blades
 + Level 5.9 Long Blades
 + Level 5.9 Axes
 + Level 5.9 Maces & Flails
 + Level 5.9 Polearms
 + Level 5.9 Staves
 + Level 5.9 Slings
 + Level 5.9 Bows
 + Level 5.9 Crossbows
 + Level 5.9 Throwing
 + Level 5.9 Armour
 + Level 7.6 Dodging
 + Level 5.9 Stealth
 + Level 5.9 Shields
 + Level 8.9 Unarmed Combat
 + Level 7.8 Spellcasting
 + Level 4.9 Conjurations
 + Level 4.9 Hexes
 + Level 4.9 Summonings
 + Level 4.9 Necromancy
 + Level 4.9 Translocations
 + Level 6.3 Transmutations
 + Level 4.9 Fire Magic
 + Level 4.9 Ice Magic
 + Level 4.9 Air Magic
 + Level 4.9 Earth Magic
 + Level 4.9 Poison Magic
 + Level 6.5 Invocations
 + Level 5.9 Evocations


You had 19 spell levels left.
You knew the following spells:

 Your Spells              Type           Power        Failure   Level
a - Beastly Appendage     Tmut           58%          1%          1
A - Blade Hands           Tmut           14%          21%         5

Your spell library contained the following spells:

 Spells                   Type           Power        Failure   Level
 Wereblood                Tmut           29%          1%          2
 Spider Form              Tmut/Pois      13%          3%          3
 Ice Form                 Ice/Tmut       27%          10%         4


Dungeon Overview and Level Annotations

Branches:
Dungeon (9/15)             Temple (0/1) D:7             Orc (0/2) D:9
Ossuary (visited)
   Lair: D:8-11

Altars:
Elyvilon
Kikubaaqudgha
Sif Muna
Uskayaw
Vehumet
Wu Jian
Xom
Yredelemnul
Zin

Shops:
D:8 =


Innate Abilities, Weirdness & Mutations

Your experience applies equally to all skills.
You have very sharp teeth.
Your uncanny sense of smell can sniff out nearby items.
You are agile. (Dex +2)


Message History

You whack the bullfrog!
The bullfrog looks as sick as possible!
You bite the bullfrog, but do no damage.
The bullfrog is heavily wounded.
The bullfrog hits you but does no damage.
You whack the bullfrog!
You kill the bullfrog!
Sif Muna accepts your kill.
You feel sick.
The jackal barks!
Unknown command.
There are monsters nearby!
You whack the jackal!
You kill the jackal!
Sif Muna accepts your kill.
You feel sick.
You see here a jackal corpse.
You hit the ice beast but do no damage. The ice beast hits you.
* * * LOW HITPOINT WARNING * * *
The ice beast freezes you!
You die...

...... .#........#o##...
###### ...)........... .
#>........#.#...
##.............h.
...$(......# ##. #.......##
... #.......# .#####
#.##.Y### .....#
#..##.@#######.# .......
#.......†....# .......#
.#...#..####### .....>.#
......###.## ........
...... #..# ∆
.......#.......# #..#
.......#.........#.##
.<.....#)..#####.#.########
........ ## #..........#


You could see an ice beast.

Vanquished Creatures
  Harold (D:8)
  A two-headed ogre (D:8)
  Psyche (D:8)
  Grinder (D:4)
  Sigmund (D:5)
  5 yaks (D:9)
  Eustachio (D:4)
  2 black bears
  A sky beast (D:7)
  3 ice beasts
  An orc warrior (D:6)
  A necrophage (D:7)
  3 ogres
  2 centaurs
  An elf zombie (Ossuary)
  3 bullfrogs
  6 scorpions
  16 killer bees
  A wight (D:8)
  4 electric eels (D:8)
  4 bullfrog zombies (D:5)
  A centaur zombie (Ossuary)
  4 hounds
  2 bullfrog skeletons
  An orc priest (D:6)
  2 centaur skeletons (D:4)
  A human zombie (Ossuary)
  5 orc wizards
  4 iguanas
  Ijyb (D:4)
  2 gnoll shamans
  6 worker ants
  2 big kobold zombies (Ossuary)
  2 mummies (Ossuary)
  3 hound skeletons
  A howler monkey zombie (D:6)
  18 gnolls
  A howler monkey skeleton (D:4)
  14 adders
  A shadow imp (D:6)
  2 white imps
  3 ufetubi
  3 oozes
  2 adder zombies
  4 worms
  2 dart slugs (D:2)
  5 leopard geckos
  27 orcs
  10 bats
  6 giant cockroaches
  7 goblins
  7 hobgoblins
  13 jackals
  4 quokkas
  8 frilled lizards
  2 goblin zombies (Ossuary)
  10 hobgoblin zombies
  2 jackal skeletons
  A jackal zombie (Ossuary)
  7 kobolds
  11 kobold zombies
  A leopard gecko zombie (D:7)
  8 orc zombies (Ossuary)
  6 rats
  A rat zombie (Ossuary)
282 creatures vanquished.

Vanquished Creatures (others)
  16 plants (D:8)
16 creatures vanquished.

Grand Total: 298 creatures vanquished

Notes
Turn   | Place    | Note
-------+----------+-------------------------------------------
     0 | D:1      | sahdkjhfkaj the Gnoll Transmuter began the quest for the
                  | Orb.
     0 | D:1      | Reached XP level 1. HP: 17/17 MP: 6/6
    67 | D:1      | Reached XP level 2. HP: 23/23 MP: 5/7
   343 | D:1      | Reached XP level 3. HP: 18/28 MP: 7/9
   348 | D:1      | Reached skill level 5 in Spellcasting
   759 | D:1      | Reached skill level 1 in Invocations
  1497 | D:2      | Found a basalt altar of Yredelemnul.
  1516 | D:2      | Reached skill level 1 in Short Blades
  1516 | D:2      | Reached skill level 1 in Long Blades
  1516 | D:2      | Reached skill level 1 in Axes
  1516 | D:2      | Reached skill level 1 in Maces & Flails
  1516 | D:2      | Reached skill level 1 in Polearms
  1516 | D:2      | Reached skill level 1 in Staves
  1516 | D:2      | Reached skill level 1 in Slings
  1516 | D:2      | Reached skill level 1 in Bows
  1516 | D:2      | Reached skill level 1 in Crossbows
  1516 | D:2      | Reached skill level 1 in Throwing
  1516 | D:2      | Reached skill level 1 in Armour
  1516 | D:2      | Reached skill level 1 in Stealth
  1516 | D:2      | Reached skill level 1 in Shields
  1516 | D:2      | Reached skill level 1 in Evocations
  1516 | D:2      | Reached XP level 4. HP: 34/34 MP: 11/11
  1780 | D:2      | Reached skill level 1 in Conjurations
  1780 | D:2      | Reached skill level 1 in Hexes
  1780 | D:2      | Reached skill level 1 in Summonings
  1780 | D:2      | Reached skill level 1 in Necromancy
  1780 | D:2      | Reached skill level 1 in Translocations
  1780 | D:2      | Reached skill level 1 in Fire Magic
  1780 | D:2      | Reached skill level 1 in Ice Magic
  1780 | D:2      | Reached skill level 1 in Air Magic
  1780 | D:2      | Reached skill level 1 in Earth Magic
  1780 | D:2      | Reached skill level 1 in Poison Magic
  2208 | D:2      | Reached XP level 5. HP: 40/40 MP: 12/12
  3680 | D:4      | Found a sand-covered staircase.
  3701 | D:4      | Learned a level 5 spell: Blade Hands
  3702 | Ossuary  | Entered an ossuary
  3952 | Ossuary  | Reached XP level 6. HP: 28/47 MP: 13/13
  3982 | Ossuary  | Gained mutation: You are dopey. (Int -2) [mutagenic glow]
  4417 | Ossuary  | Reached skill level 5 in Dodging
  4544 | D:4      | Reached XP level 7. HP: 45/52 MP: 15/15
  4671 | D:4      | Found a shimmering blue altar of Sif Muna.
  4692 | D:4      | Reached skill level 7 in Unarmed Combat
  4893 | D:4      | Became a worshipper of Sif Muna the Loreminder
  5285 | D:4      | Found a radiant altar of Vehumet.
  5690 | D:4      | Noticed Grinder
  5697 | D:4      | Killed Grinder
  5849 | D:4      | Reached XP level 8. HP: 40/60 MP: 16/16
  5994 | D:4      | Noticed Ijyb
  6020 | D:4      | Killed Ijyb
  6089 | D:4      | Noticed Eustachio
  6097 | D:4      | Killed Eustachio
  6198 | D:5      | Entered Level 5 of the Dungeon
  6256 | D:5      | Found an ancient bone altar of Kikubaaqudgha.
  6403 | D:5      | Reached * piety under Sif Muna
  6700 | D:5      | Gained mutation: You are very dopey. (Int -4) [mutagenic
                  | glow]
  6705 | D:5      | Lost mutation: You are very dopey. (Int -4) [potion of
                  | mutation]
  6705 | D:5      | Lost mutation: You are dopey. (Int -2) [potion of mutation]
  6705 | D:5      | Gained mutation: You are agile. (Dex +2) [potion of
                  | mutation]
  6705 | D:5      | Gained mutation: You are weak. (Str -2) [potion of
                  | mutation]
  6705 | D:5      | Lost mutation: You are weak. (Str -2) [potion of mutation]
  6762 | D:5      | Noticed Sigmund
  6787 | D:5      | Killed Sigmund
  7573 | D:5      | Got an ancient whip
  7574 | D:5      | Identified the +7 whip of Wealth {drain, +Blink Dex+2} (You
                  | found it on level 5 of the Dungeon)
  7831 | D:6      | Reached XP level 9. HP: 60/66 MP: 18/18
  7873 | D:6      | Reached skill level 5 in Transmutations
  8250 | D:6      | Found a hide-covered altar of Uskayaw.
  8969 | D:6      | Reached skill level 5 in Fighting
  9308 | D:7      | Found a staircase to the Ecumenical Temple.
  9322 | D:7      | Reached ** piety under Sif Muna
  9339 | D:7      | Reached skill level 8 in Unarmed Combat
  9609 | D:7      | Reached skill level 5 in Invocations
  9963 | D:8      | Noticed a two-headed ogre
  9976 | D:8      | Killed a two-headed ogre
  9977 | D:8      | Reached XP level 10. HP: 38/75 MP: 20/20
 10367 | D:7      | Reached skill level 5 in Short Blades
 10367 | D:7      | Reached skill level 5 in Long Blades
 10367 | D:7      | Reached skill level 5 in Axes
 10367 | D:7      | Reached skill level 5 in Maces & Flails
 10367 | D:7      | Reached skill level 5 in Polearms
 10367 | D:7      | Reached skill level 5 in Staves
 10367 | D:7      | Reached skill level 5 in Slings
 10367 | D:7      | Reached skill level 5 in Bows
 10367 | D:7      | Reached skill level 5 in Crossbows
 10367 | D:7      | Reached skill level 5 in Throwing
 10367 | D:7      | Reached skill level 5 in Armour
 10367 | D:7      | Reached skill level 5 in Stealth
 10367 | D:7      | Reached skill level 5 in Shields
 10367 | D:7      | Reached skill level 5 in Evocations
 10551 | D:8      | Found Risyoj's Jewellery Shoppe.
 10603 | D:8      | Found a white marble altar of Elyvilon.
 10625 | D:8      | HP: 2/76 [killer bee (8)]
 10945 | D:7      | Reached *** piety under Sif Muna
 11585 | D:8      | Noticed Psyche
 11591 | D:8      | Killed Psyche
 12287 | D:8      | Found a shimmering altar of Xom.
 12341 | D:9      | Found a glowing silver altar of Zin.
 12417 | D:9      | Noticed Harold
 12635 | D:8      | HP: 1/76 [Harold/+0 battleaxe (20)]
 12639 | D:8      | Killed Harold
 12879 | D:9      | Reached XP level 11. HP: 83/83 MP: 22/22
 13289 | D:9      | Found an ornate altar of the Wu Jian Council.
 13307 | D:9      | Found a staircase to the Orcish Mines.
 13359 | D:9      | Slain by an ice beast

Illustrated notes

Levels and vault maps discovered:
D:1:      giann_wishing_wells, layout_basic
D:2:      layout_loops_corners, yredelemnul_altar_generic, minmay_pentomino_pile
D:3:      layout_basic
D:4:      layout_basic, kennysheep_mini_moat, vehumet_altar_wand_db,
          enter_ossuary_3, uniq_eustachio, uniq_grinder, uniq_ijyb
D:5:      black_bear_nest_2, layout_loops_ring, kiku_gazebo_garden_becter,
          uniq_sigmund
D:6:      layout_loops_ring, lemuel_round_altar, kennysheep_generic_room_12
D:7:      layout_basic, minmay_temple_entry_arrows
D:8:      layout_cave_pools, elyvilon_altar_5, lemuel_coloured_pillars_altar,
          serial_bayou, serial_bayou_ford_a, serial_bayou_pond_d,
          serial_bayou_pond_d, serial_bayou_pond_b, serial_shops, shop,
          serial_park_tiny_1, uniq_psyche
D:9:      layout_rooms, lemuel_crystal_altar, overflow_temple_1_default,
          uniq_harold

Skill      XL: |  1  2  3  4  5  6  7  8  9 10 |
---------------+-------------------------------+-----
Spellcasting   | 5 6 7 |  7.8
Invocations    | 1 2 3 4 5 6 |  6.5
Short Blades   | 1 2 3 4 5 |  5.9
Long Blades    | 1 2 3 4 5 |  5.9
Axes           | 1 2 3 4 5 |  5.9
Maces & Flails | 1 2 3 4 5 |  5.9
Polearms       | 1 2 3 4 5 |  5.9
Staves         | 1 2 3 4 5 |  5.9
Slings         | 1 2 3 4 5 |  5.9
Bows           | 1 2 3 4 5 |  5.9
Crossbows      | 1 2 3 4 5 |  5.9
Throwing       | 1 2 3 4 5 |  5.9
Armour         | 1 2 3 4 5 |  5.9
Stealth        | 1 2 3 4 5 |  5.9
Shields        | 1 2 3 4 5 |  5.9
Evocations     | 1 2 3 4 5 |  5.9
Conjurations   | 1 2 3 4 |  4.9
Hexes          | 1 2 3 4 |  4.9
Summonings     | 1 2 3 4 |  4.9
Necromancy     | 1 2 3 4 |  4.9
Translocations | 1 2 3 4 |  4.9
Fire Magic     | 1 2 3 4 |  4.9
Ice Magic      | 1 2 3 4 |  4.9
Air Magic      | 1 2 3 4 |  4.9
Earth Magic    | 1 2 3 4 |  4.9
Poison Magic   | 1 2 3 4 |  4.9
Fighting       | 3 4 5 6 |  6.5
Transmutations | 4 5 6 |  6.3
Dodging        | 5 6 7 |  7.6
Unarmed Combat | 7 8 |  8.9

Action                   |  1- 3 |  4- 6 |  7- 9 | 10-12 || total
-------------------------+-------+-------+-------+-------++-------
Melee: Unarmed           |    78 |   212 |   160 |       ||   450
       Kick              |    13 |    26 |     2 |       ||    41
       Headbutt          |     5 |     9 |       |       ||    14
       Bite              |     4 |    16 |    36 |    27 ||    83
       Punch             |     2 |     5 |    14 |     8 ||    29
       Whip              |       |       |   179 |   161 ||   340
       Demon whip        |       |       |       |    66 ||    66
 Cast: Beastly Appendage |    30 |    21 |     2 |       ||    53
       Blade Hands       |       |     5 |    12 |       ||    17
Evoke: Wand              |       |       |     9 |     1 ||    10
  Use: Scroll            |     3 |     3 |     6 |     2 ||    14
       Potion            |       |       |     5 |     7 ||    12
 Stab: Sleeping          |       |     4 |    20 |     4 ||    28
       Paralysed         |       |       |     4 |       ||     4
       Distracted        |       |       |       |     1 ||     1
Armor: Robe              |    16 |    14 |    25 |    25 ||    80
Dodge: Dodged            |    59 |   107 |   204 |   350 ||   720

Table legend: (Time is in decaauts)
 A = Elapsed time spent in this place.
 B = Non-inter-level travel time spent in this place.
 C = Inter-level travel time spent in this place.
 D = Time resting spent in this place.
 E = Time spent auto-exploring this place.
 F = Levels seen in this place.
 G = Mean time per level.
                   A        B        C        D        E       F      G
               +--------+--------+--------+--------+--------+-----+--------+
         Total |  13236 |  12899 |    337 |   2341 |   8635 |  10 | 1323.6 |
       Dungeon |  12415 |  12078 |    337 |   2257 |   8111 |   9 | 1379.4 |
       Ossuary |    821 |    821 |      0 |     84 |    524 |   1 |  821.0 |
               +--------+--------+--------+--------+--------+-----+--------+

Top non-repeatable levels by time:
     D:7: 1773 daAuts
     D:4: 1686 daAuts
     D:8: 1658 daAuts
     D:5: 1610 daAuts
     D:2: 1525 daAuts
     D:1: 1306 daAuts
     D:6: 1304 daAuts
 Ossuary: 821 daAuts
     D:3: 812 daAuts
     D:9: 739 daAuts
